 Dungeon Crawl Stone Soup version 0.29.1-15-g9cfb28693d (webtiles) character file.

Game seed: 16422941908612051925

41 DemonSlayer the Digger (level 3, -4/24 HPs)
             Began as a Demonspawn Earth Elementalist on Feb 24, 2023.
             Killed from afar by Sigmund (8 damage)
             ... with a puff of flame
             ... on level 2 of the Dungeon.
             The game lasted 00:02:45 (1182 turns).

DemonSlayer the Digger (DsEE)                       Turns: 1182, Time: 00:02:46

Health: -4/24      AC:  2    Str: 10    XL:     3   Next: 32%
Magic:  6/6        EV: 12    Int: 16    God:
Gold:   84         SH:  0    Dex: 13    Spells: 5/6 levels left

rFire   . . .      SeeInvis .   c - +0 dagger
rCold   . . .      Faith    .   (no shield)
rNeg    . . .      Spirit   .   a - +0 robe
rPois   .          Reflect  .   (no helmet)
rElec   .          Harm     .   (no cloak)
rCorr   .          Rampage  .   (no gloves)
Will    .....                   (no boots)
Stlth   ++........              (no amulet)
HPRegen 0.08/turn               (no ring)
MPRegen 0.10/turn               (no ring)

@: no status effects
A: foul stench 1
a: no special abilities


You were on level 2 of the Dungeon.
You visited 1 branch of the dungeon, and saw 2 of its levels.

You collected 84 gold pieces.

Inventory:

Hand Weapons
 c - a +0 dagger (weapon)
Armour
 a - a +0 robe (worn)
Scrolls
 d - a scroll of teleportation
 e - a scroll of blinking {unknown}
 g - 2 scrolls of amnesia {unknown}
Potions
 b - a potion of magic


   Skills:
 + Level 0.2 Short Blades
 + Level 2.0 Dodging
 + Level 2.0 Stealth
 + Level 2.4 Spellcasting
 + Level 0.8 Transmutations
 + Level 3.4 Earth Magic


You had 5 spell levels left.
You knew the following spells:

 Your Spells              Type           Power      Damage    Failure   Level
a - Sandblast             Erth           24%        2d8       4%          1

Your spell library contained the following spells:

 Spells                   Type           Power      Damage    Failure   Level
 Passwall                 Tmut/Erth      6%         N/A       12%         2
 Stone Arrow              Conj/Erth      14%        3d7       30%         3
 Petrify                  Tmut/Erth      8%         N/A       63%         4


Dungeon Overview and Level Annotations

Branches:
Dungeon (1/15)

Altars:

Annotations:
D:2 Sigmund


Innate Abilities, Weirdness & Mutations

You may rarely emit foul miasma when damaged in melee.


Message History

The magic dart hits you!
As you read the scroll labelled SUITRY PUUTAYD, it crumbles to dust.
You feel strangely unstable.
It was a scroll of teleportation.
Your surroundings suddenly seem different.
You start resting.
Magic restored.
You start resting.
Sigmund is nearby!
Sigmund is nearby!
Sigmund is nearby!
Sigmund is nearby!
Found a stone staircase leading down.
A kobold and an endoplasm come into view.
Found 3 scrolls labelled YSOSTIMIDGH.
The endoplasm quivers.
An adder comes into view.
The endoplasm hits you.
You emit a cloud of foul miasma!
The kobold shouts!
The endoplasm attacks as you move away! The endoplasm closely misses you.
The adder hisses angrily.
The endoplasm is engulfed in dark miasma.
The endoplasm seems to slow down.
You kill the endoplasm!
The kobold attacks as you move away! The kobold hits you with a +0 dagger.
The adder bites you.
You emit a cloud of foul miasma!
The kobold throws a stone.
The stone barely misses you.
Found a stone staircase leading down.
The adder is engulfed in dark miasma.
The adder is poisoned.
The adder bites you.
* * * LOW HITPOINT WARNING * * *
There is a stone staircase leading down here.
Unknown command.
You hit the adder.
You kill the adder!
Your Stealth skill increases to level 2!
Unknown command.
The kobold hits you with a +0 dagger.
* * * LOW HITPOINT WARNING * * *
Sigmund casts a spell at you. The puff of flame hits you!
You die...

#......#.. #.........
#......... #.........
#......... .. #.
#......... ..###.#
#......... .. .....#
#.@....... ...
#...####.K.......
......##........§......>
....#..#............#..#
....##.............## ##
$....##.....☼......#
......##..@#####?.##
....#.###....# #..#
....#..##..#.# ...#


You could see Sigmund and a kobold.

Vanquished Creatures
  An adder (D:2)
  A worm (D:2)
  4 ball pythons
  2 bats (D:1)
  An endoplasm (D:2)
  2 giant cockroaches (D:1)
  A hobgoblin (D:2)
  4 jackals (D:1)
  3 kobolds (D:1)
  2 quokkas (D:1)
  A frilled lizard (D:1)
  3 goblins (D:1)
  2 rats (D:1)
27 creatures vanquished.

Notes
Turn   | Place    | Note
-------+----------+-------------------------------------------
     0 | D:1      | DemonSlayer the Demonspawn Earth Elementalist began the
                  | quest for the Orb.
     0 | D:1      | Reached XP level 1. HP: 13/13 MP: 3/3
   336 | D:1      | Gained mutation: You may rarely emit foul miasma when
                  | damaged in melee. [demonic ancestry]
   336 | D:1      | Reached XP level 2. HP: 19/19 MP: 3/5
   480 | D:1      | Reached skill level 3 in Earth Magic
   894 | D:1      | You fall into a shaft and drop 1 floor!
   933 | D:2      | Reached XP level 3. HP: 14/24 MP: 3/6
  1091 | D:2      | Noticed Sigmund
  1182 | D:2      | Killed from afar by Sigmund

Illustrated notes

Levels and vault maps discovered:
D:1:      evilmike_arrival_rings, layout_basic
D:2:      layout_rooms, serial_aquarium, aquarium_bridge_square
          [aquarium_subvault_bridge, aquarium_subvault_balcony,
          aquarium_subvault_wall, aquarium_subvault_bridge],
          aquarium_bridge_straight [aquarium_subvault_bridge,
          aquarium_subvault_wall, aquarium_subvault_bridge,
          aquarium_subvault_window], aquarium_window_corridor_3,
          aquarium_window_1, aquarium_window_1, aquarium_window_corner,
          aquarium_view_2b, aquarium_view_2c, aquarium_balcony_5b,
          uniq_crazy_yiuf_cottage, uniq_sigmund

Skill      XL: |  1  2  3 |
---------------+----------+-----
Dodging        | 2 |  2.0
Earth Magic    | 3 |  3.4
Stealth        | 2 |  2.0
Short Blades   | |  0.2
Spellcasting   | |  2.4
Transmutations | |  0.8

Action                   || total
-------------------------++-------
Melee: Dagger            ||    26
 Cast: Sandblast         ||    25
  Use: Scroll            ||     1
       Potion            ||     1
 Stab: Sleeping          ||     3
Armor: Robe              ||     8
Dodge: Dodged            ||    31
